 Dungeon Crawl Stone Soup version 0.25-a0-283-ge7e91ba8d0 (webtiles) character file.

Game seed: 15371067600562769781, levelgen mode: deterministic

106 DerDa the Chiller (level 4, -3/33 HPs)
             Began as a Demigod Ice Elementalist on Dec 11, 2019.
             Slain by Natasha (9 damage)
             ... on level 2 of the Dungeon.
             The game lasted 00:04:22 (1456 turns).

DerDa the Chiller (Demigod Ice Elementalist)        Turns: 1456, Time: 00:04:22

Health: -3/33      AC:  3    Str: 11    XL:     4   Next: 30%
Magic:  7/11       EV: 12    Int: 21    God:
Gold:   91         SH:  0    Dex: 16    Spells: 4/8 levels left

rFire    . . .     SeeInvis .   b - +0 short sword
rCold    . . .     Gourm    .   (no shield)
rNeg     . . .     Faith    .   a - +0 robe
rPois    .         Spirit   .   (no helmet)
rElec    .         Reflect  .   (no cloak)
rCorr    .         Harm     .   (no gloves)
MR       .....                  e - +0 pair of boots
Stlth    ++........             (no amulet)
HPRegen  0.11/turn              (no ring)
MPRegen  0.12/turn              (no ring)

@: no status effects
A: high mp 1
a: no special abilities


You were on level 2 of the Dungeon.
You were not hungry.

You visited 1 branch of the dungeon, and saw 2 of its levels.

You collected 91 gold pieces.

Inventory:

Hand Weapons
 b - a +0 short sword (weapon)
 d - a +0 hunting sling
Missiles
 i - 16 stones (quivered)
 m - 16 bolts
Armour
 a - a +0 robe (worn)
 e - a +0 pair of boots (worn)
Scrolls
 j - 2 scrolls of enchant armour {unknown}
 l - a scroll of remove curse {unknown}
Potions
 g - a potion of heal wounds {unknown}
 h - 2 potions of flight {unknown}
 k - a potion of lignification {unknown}
Comestibles
 c - 4 rations
 f - a chunk of flesh


   Skills:
 - Level 1.7 Dodging
 - Level 1.7 Stealth
 * Level 2.8 Spellcasting
 * Level 4.8 Ice Magic


You had 4 spell levels left.
You knew the following spells:

 Your Spells              Type           Power        Failure   Level  Hunger
a - Freeze                Ice            ###.         1%          1    None
b - Ozocubu's Armour      Chrm/Ice       ##......     16%         3    ###....

Your spell library contained the following spells:

 Spells                   Type           Power        Failure   Level  Hunger
 Hailstorm                Conj/Ice       ##......     45%         4    ####...
 Summon Ice Beast         Ice/Summ       ##......     45%         4    ####...


Dungeon Overview and Level Annotations

Branches:
Dungeon (2/15)

Annotations:
D:2 Natasha


Innate Abilities, Weirdness & Mutations

You have an increased reservoir of magic. (+10% MP)


Message History

Casting: Freeze (safe; 1% risk of failure)
Confirm with . or Enter, or press ? or * to list all spells.
Aiming: Freeze (safe; 1% risk of failure)
Press: ? - help, Shift-Dir - straight line, f - Natasha
Aim: Natasha You freeze Natasha.
Natasha is moderately wounded.
Natasha claws you!
* * * LOW HITPOINT WARNING * * *
Casting: Freeze (safe; 1% risk of failure)
Confirm with . or Enter, or press ? or * to list all spells.
Aiming: Freeze (safe; 1% risk of failure)
Press: ? - help, Shift-Dir - straight line, f/p - Natasha
Aim: Natasha (moderately wounded)
You freeze Natasha.
Natasha is heavily wounded.
Natasha howls an incantation.
Natasha shimmers violently.
Natasha claws you!
You die...

#<.# #...# ###.. .>.##
#...# #...
#...######...###.#
....)............#
.................# ..
##...............# ...
##.#.####...###÷#####.#
# ##..# #...#
#.......#.# #..# #...#
#@......#.# #..#
#.(.###h#.......# #...#
#..$............#
##.####
#.......#.......### ..#
#.......#.÷#....... .##
##....##.))...)#.# .#
..............###.# ##
.#.#..............#
....#...........####


You could see Natasha.

Vanquished Creatures
  Natasha (twice) (D:2)
  2 adders (D:2)
  An ooze (D:1)
  3 dart slugs (D:1)
  A leopard gecko (D:1)
  2 bats (D:1)
  A giant cockroach (D:1)
  6 hobgoblins
  A frilled lizard (D:1)
  3 goblins
  5 kobolds
  4 rats
31 creatures vanquished.

Notes
Turn   | Place    | Note
-------+----------+-------------------------------------------
     0 | D:1      | DerDa the Demigod Ice Elementalist began the quest for the
                  | Orb.
     0 | D:1      | Reached XP level 1. HP: 14/14 MP: 5/5
   364 | D:1      | Reached skill level 4 in Ice Magic
   430 | D:1      | Reached XP level 2. HP: 17/20 MP: 4/7
   911 | D:1      | Reached XP level 3. HP: 23/26 MP: 8/8
   980 | D:1      | Learned a level 3 spell: Ozocubu's Armour
  1045 | D:2      | Noticed Natasha
  1305 | D:2      | Killed Natasha
  1327 | D:2      | Found a shadowy altar of Dithmenos.
  1328 | D:2      | Found a bloodstained altar of Trog.
  1329 | D:2      | Found a glowing golden altar of the Shining One.
  1423 | D:2      | Noticed Natasha
  1428 | D:2      | Killed Natasha
  1428 | D:2      | Reached XP level 4. HP: 22/33 MP: 8/11
  1449 | D:2      | Noticed Natasha
  1456 | D:2      | Slain by Natasha

Levels and vault maps discovered:
D:1:      saegor_arrival_miasma, layout_basic, kennysheep_decorative_pillar
D:2:      layout_loops_cross, chequers_temple_overflow_statue_of_worship,
          uniq_natasha

Skill      XL: |  1  2 |
---------------+-------+-----
Ice Magic      | 4 |  4.8
Spellcasting   | 2 |  2.8
Dodging        | |  1.7
Stealth        | |  1.7

Action                   |  1- 3 |  4- 6 || total
-------------------------+-------+-------++-------
Melee: Short sword       |    16 |       ||    16
 Cast: Freeze            |    41 |     7 ||    48
 Stab: Sleeping          |     5 |       ||     5
  Eat: Chunk             |     1 |     1 ||     2
Armor: Robe              |    10 |     1 ||    11
Dodge: Dodged            |    26 |     2 ||    28

Table legend:
 A = Non-vault XP
 B = Vault XP
 C = Vault XP percentage of total XP
 D = Non-vault monster count
 E = Vault monster count
 F = Vault count percentage of total count
                 A         B        C        D         E       F
            +---------+---------+-------+---------+---------+-------
      Total |     119 |      33 |  21.7 |      30 |       1 |   3.2
            +---------+---------+-------+---------+---------+-------
        D:1 |      49 |       0 |   0.0 |      22 |       0 |   0.0
        D:2 |      70 |      33 |  32.0 |       8 |       1 |  11.1
            +---------+---------+-------+---------+---------+-------
